cohdb
Replays
Latest Replays
All Replays
Popular Replays
Top Player Replays
Match Explorer
How It Works
Community
CoH3 Stats
Reddit
Sign in to upload your games and track your stats! →
Sign in with Steam
Match 42520528
Unlisted
Match 42520528
Overview
Messages
Build Orders
End
Kradschützen Motorcycle Team
Selects Armored Support Battlegroup
Panzergrenadier Squad
Panzergrenadier Squad
Panzergrenadier Squad
Construct Light Support Kompanie
Panzerjäger Squad
Assault Mechanized Group
Selects Salvage Kits
Fire Support Elements
Vehicle Survival Package
Flakvierling Half-track
Panzerjäger Mechanized Group
Selects Veteran Gunners
Selects Flammpanzer III Medium Tank
Flammpanzer III Medium Tank
Kradschützen Motorcycle Team
Selects Command Panzer IV F Medium Tank
Construct Mechanized Kompanie
Marder III Tank Destroyer
Marder III Tank Destroyer
Marder III Tank Destroyer
Selects Panzer Storm
Flammpanzer III Medium Tank
(502) Bad Gateway
Epouvente
0
0
Comments
sign in to comment!
No comments posted yet!